 Dungeon Crawl Stone Soup version 0.30-a0-292-g0f741e3f8e (webtiles) character file.

Game seed: 1959014064202928161

75120 Sobieck the Basher (level 15, -2/201 HPs)
             Began as an Armataur Warper on Oct 17, 2022.
             Was the Champion of Okawaru.
             Shot with an arrow by Nessos (7 damage)
             ... on level 2 of the Orcish Mines.
             The game lasted 00:59:38 (20367 turns).

Sobieck the Basher (Armataur Warper)               Turns: 20367, Time: 00:59:39

Health: -2/201     AC: 24    Str: 26    XL:     15   Next: 8%
Magic:  23/24      EV: 11    Int: 13    God:    Okawaru [******]
Gold:   134        SH:  0    Dex: 12    Spells: 18/26 levels left

rFire   . . .      SeeInvis .    E - +2 broad axe (protect) {axe}
rCold   . . .      Faith    .    (no shield)
rNeg    . . .      Spirit   .    L - +0 troll leather armour
rPois   +          Reflect  .    w - +1 helmet
rElec   .          Harm     .    A - +2 cloak
rCorr   .          Roll     +    h - +1 pair of gloves of Luren {Str+4 Slay+4}
Will    +....                    (no barding)
Stlth   ..........               I - amulet of regeneration {@e2}
HPRegen 2.13/turn                k - +4 ring of protection
MPRegen 0.19/turn                e - ring of poison resistance

@: berserking, under a protective aura, very quick
A: large, rugged brown scales 3, deformed body, armoured tail, roll, long
tongue, awkward tongue
a: Renounce Religion, Heroism, Finesse, Duel


You were on level 2 of the Orcish Mines.
You worshipped Okawaru.
Okawaru was exalted by your worship.
You visited 4 branches of the dungeon, and saw 22 of its levels.
You also visited: Sewer.

You collected 1439 gold pieces.
You spent 1305 gold pieces at shops.


Innate Abilities, Weirdness & Mutations

You are completely covered in rugged brown scales. (AC +3, +7% HP)
Armour fits poorly on your strangely shaped body.
You have a long armoured tail.
You roll when moving toward enemies. (Rampage)
Your long tongue fully drains potion bottles. (2x potion effects)
Your tongue gives you trouble enunciating. (1.5x scroll delay)


   Skills:
 - Level 10.0 Fighting
 - Level 7.3(10.6) Axes
 - Level 13.1(14.0) Maces & Flails
 + Level 1.5 Ranged Weapons
 - Level 5.0 Throwing
 - Level 6.0 Armour
 + Level 4.9 Dodging
 - Level 5.0 Stealth
 - Level 6.0 Spellcasting
 - Level 10.0 Translocations
 - Level 5.0 Air Magic
 + Level 8.1 Invocations
 - Level 5.0 Evocations


You had 18 spell levels left.
You knew the following spells:

 Your Spells              Type           Power      Damage    Failure   Level
a - Teleport Other        Tloc           29%        N/A       1%          3
b - Blink                 Tloc           58%        N/A       1%          2
c - Vhi's Electric Charg  Tloc/Air       46%        N/A       2%          3

Your spell library contained the following spells:

 Spells                   Type           Power      Damage    Failure   Level
 Lesser Beckoning         Tloc           58%        N/A       1%          3
 Manifold Assault         Tloc           29%        N/A       3%          4
 Static Discharge         Conj/Air       20%        2-3/arc   10%         2
 Sandblast                Erth           6%         2d5       19%         1
 Passwall                 Tmut/Erth      2%         N/A       28%         2
 Wereblood                Tmut           3%         N/A       28%         2
 Dazzling Flash           Conj/Hex       6%         N/A       50%         3
 Ozocubu's Armour         Ice            3%         N/A       50%         3
 Stone Arrow              Conj/Erth      6%         3d7       50%         3
 Petrify                  Tmut/Erth      3%         N/A       88%         4
 Arcjolt                  Conj/Air       5%         1d15      88%         5
 Lightning Bolt           Conj/Air       5%         1d17      88%         5
 Silence                  Hex/Air        5%         N/A       88%         5
 Agony                    Necr           3%         N/A       99%         5
 Iskenderun's Battlesphe  Conj           3%         2d6       99%         5
 Eringya's Noxious Bog    Tmut/Pois      1%         N/A       100%        6
 Iron Shot                Conj/Erth      1%         9d1       100%        6
 Ozocubu's Refrigeration  Ice            1%         4d7       100%        7
 Summon Forest            Summ/Tloc      Unusable   N/A       N/A         5
 Spellforged Servitor     Conj/Summ      Unusable   N/A       N/A         7
 Summon Hydra             Summ           Unusable   N/A       N/A         7

Inventory:

Hand Weapons
 a - the +6 dire flail "Kidisitui" {venom, Int+4, mace}
   (Okawaru gifted it to you on level 5 of the Lair of Beasts)

   It poisons the flesh of those it strikes.
   Int:       It affects your intelligence (+4).
 b - the +10 hand crossbow of the Exiled Hosts {freeze, rPois rN++ Str+3, crossbow}
   (You bought it in a shop on level 8 of the Dungeon)

   Any ammunition fired from it freezes those it strikes, dealing additional
   cold damage.
   It can also slow down cold-blooded creatures.
   Str:       It affects your strength (+3).
   rPois:     It protects you from poison.
   rN:        It greatly protects you from negative energy.
 D - the +7 battleaxe "Jaogian" {venom, *Rage Str+2 Int+7, axe}
   (You found it on level 5 of the Lair of Beasts)

   It poisons the flesh of those it strikes.
   Str:       It affects your strength (+2).
   Int:       It affects your intelligence (+7).
   *Rage:     It berserks you when you make melee attacks (+20% chance).
 E - a +2 broad axe of protection (weapon) {axe}
   (You bought it in a shop on level 11 of the Dungeon)
 S - the +7 dire flail of Bodily Harmony {vorpal, rN+ rCorr SInv, mace}
   (Okawaru gifted it to you on level 13 of the Dungeon)

   It inflicts extra damage upon your enemies.
   rN:        It protects you from negative energy.
   SInv:      It lets you see invisible.
   rCorr:     It protects you from acid and corrosion.
 W - a +0 vampiric hand axe {axe}
   (You took it off an orc on level 6 of the Dungeon)
Missiles
 d - 9 boomerangs of dispersal {=f!fthrowing}
 f - 236 stones {throwing}
 j - 3 datura-tipped darts {throwing}
 m - 10 javelins {throwing}
 q - 3 silver javelins (quivered) {throwing}
 u - a throwing net {=f!fthrowing}
 B - 11 poisoned darts {throwing}
 K - 2 boomerangs {throwing}
 P - 6 curare-tipped darts {=fthrowing}
Armour
 h - the +1 pair of gloves of Luren (worn) {Str+4 Slay+4}
   (Okawaru gifted it to you on level 2 of the Lair of Beasts)

   Str:       It affects your strength (+4).
   Slay:      It affects your accuracy & damage with ranged weapons and melee
   (+4).
 w - a +1 helmet (worn)
   (You found it on level 7 of the Dungeon)
 A - a +2 cloak (worn)
   (You found it on level 3 of the Dungeon)
 L - a +0 troll leather armour (worn)
   (You found it on level 10 of the Dungeon)
Jewellery
 e - a ring of poison resistance (right hand)
   (You took it off a kobold on level 4 of the Dungeon)
 k - a +4 ring of protection (left hand)
   (You found it on level 1 of the Dungeon)
 y - a ring of fire
   (You found it on level 7 of the Dungeon)
 z - a ring of flight
   (You found it on level 4 of the Dungeon)
 I - an amulet of regeneration (around neck) {@e2}
   (You found it on level 5 of the Dungeon)
 R - a +4 ring of evasion
   (You found it on level 12 of the Dungeon)
 Y - a ring of ice
   (You found it on level 3 of the Lair of Beasts)
Wands
 x - a wand of acid (15)
   (You found it on level 12 of the Dungeon)
 C - a wand of mindburst (10)
   (You found it on level 7 of the Dungeon)
 M - a wand of flame (27)
   (You found it on level 5 of the Dungeon)
 N - a wand of roots (8)
   (You found it on level 5 of the Dungeon)
 Q - a wand of paralysis (13)
   (You took it off Maurice on level 8 of the Dungeon)
Scrolls
 c - 5 scrolls of blinking {!r}
 i - 2 scrolls of vulnerability {!r!r}
 n - 6 scrolls of butterflies
 v - 7 scrolls of teleportation {@r4}
 G - 7 scrolls of poison
 H - 12 scrolls of identify {@r1}
 T - 4 scrolls of fear
 V - 2 scrolls of immolation {!r!r}
 Z - 2 scrolls of enchant weapon
Potions
 g - 9 potions of curing {@q1}
 l - 3 potions of ambrosia
 o - 7 potions of flight
 p - 3 potions of attraction {!q}
 s - 2 potions of brilliance
 F - 2 potions of resistance
 O - 4 potions of invisibility
 U - 2 potions of lignification {!q}
 X - 3 potions of mutation {!q}
Miscellaneous
 r - a piece from Xom's chessboard (15/15)
   (You found it on level 12 of the Dungeon)

Dungeon Overview and Level Annotations

Branches:
Dungeon (14/15) Zot: 26661  Temple (1/1) D:5 Zot: 5962    Lair (5/5) D:8 Zot: 25009
  Swamp (0/4) Lair:3       Spider (0/4) Lair:3        Slime (0/5) Lair:4
    Orc (1/2) D:9 Zot: 11616   Sewer (visited)
 Vaults: D:13-14

Altars:
Ashenzari
Dithmenos
Fedhas
Gozag
Hepliaklqana
Kikubaaqudgha
Makhleb
Nemelex Xobeh
Okawaru
Qazlal
Ru
Sif Muna
Trog
Uskayaw
Wu Jian
Yredelemnul
The Shining One

Shops:
D:2 =   D:3 [   D:8 (   D:11 *

Annotations:
D:3 2 transporters
D:5 1 runed translucent door, liarliar's ghost, novice OpCj
D:13 exclusion: orange crystal statue
Orc:1 1 transporter
Orc:2 Nessos

#..## ... ##..#.##
.#.....# ##......#
........ ...§...#
........
.......####......
#.....c#......
#....).)...#
#..)).....#.###.
#†)o@).......... ..
##)))#)$.........
....#.)§#####........
#..o..)[## ##......#
.#....)).# .......
###...### .......
##.. ..P.... #.##
......o #.


You could see Nessos (fast), an orc knight and an orc (strong).


Message History

You kill the orc warrior!
Okawaru accepts your kill.
You feel like a meek peon again.
The orc warrior shoots a bolt.
The bolt hits you but does no damage.
You slice the orc warrior!! You slash the orc warrior!
You slash the orc sorcerer!
The orc warrior no longer looks unusually strong.
The orc warrior barely misses you. x3
An orc knight comes into view. It is wielding a +0 broad axe.
Unknown command.
The orc knight shouts!
You slice the orc warrior!!
You kill the orc warrior!
Okawaru accepts your kill.
You closely miss the orc warrior. You slash the orc warrior!
You slash the orc sorcerer!
You kill the orc sorcerer!
Okawaru accepts your kill.
The orc warrior hits you but does no damage.
The orc warrior shoots a bolt.
The bolt closely misses you.
Things that are here:
a +0 hand axe {axe}; a boomerang {throwing} Unknown command.
You barely miss the orc warrior. You hit the orc warrior.
You kill the orc warrior!
Okawaru accepts your kill.
The orc warrior hits you from afar with a +0 trident.
* * * LOW HITPOINT WARNING * * *
The orc warrior hits you with a +0 war axe of freezing.
* * * LOW HITPOINT WARNING * * *
The orc warrior freezes you.
* * * LOW HITPOINT WARNING * * *
The orc knight roars a battlecry!
The orc warrior goes into a battle-frenzy!
The orc warrior shoots a bolt.
The bolt closely misses you.
Unknown command.
You slice the orc warrior!!
You kill the orc warrior!
Okawaru accepts your kill.
The orc warrior hits you from afar with a +0 trident.
* * * LOW HITPOINT WARNING * * *
Unknown command.
You barely miss the orc warrior. You tail-slap the orc warrior!
The orc warrior shoots a bolt.
The bolt closely misses you.
Unknown command.
You slice the orc warrior!!
You kill the orc warrior!
Okawaru accepts your kill. The orc warrior barely misses you.
The orc knight roars a battlecry!
The orc warrior goes into a battle-frenzy!
The orc warrior shoots a bolt.
The bolt hits you!
* * * LOW HITPOINT WARNING * * *
You hear a shout!
Unknown command.
The orc warrior hits you from afar with a +0 trident.
* * * LOW HITPOINT WARNING * * *
The orc warrior unwields a +0 arbalest.
The orc warrior wields a +0 mace.
The orc warrior closely misses you.
Items here: )))) [[[[ †††.
Unknown command.
You slice the orc warrior!!
Nessos the Markscentaur comes into view.
The orc warrior barely misses you.
You slash the orc warrior!
You kill the orc warrior!
Okawaru accepts your kill.
Nessos wields a +3 longbow of flaming.
It bursts into flame!
Nessos shoots an arrow.
The arrow hits you!
* * * LOW HITPOINT WARNING * * *
The arrow burns you.
* * * LOW HITPOINT WARNING * * *
Unknown command.
Unknown command.
Nessos mumbles some strange words.
Nessos seems to speed up.
The orc warrior misses you.
You hear a shout!
Unknown command.
You slash the orc warrior!
Nessos casts a spell.
Nessos blinks!
The orc warrior barely misses you.
You slice the orc warrior!!
You kill the orc warrior!
Okawaru accepts your kill.
Nessos mumbles some strange words.
Nessos blinks!
Unknown command.
An orc comes into view. It is wielding a +0 short sword.
Nessos mumbles some strange words.
Nessos blinks!
The orc knight hits you with a +0 broad axe.
* * * LOW HITPOINT WARNING * * *
Nessos shoots an arrow.
The arrow hits you!
* * * LOW HITPOINT WARNING * * *
The arrow burns you.
* * * LOW HITPOINT WARNING * * *
Items here: ))) [[ †.
Unknown command.
You closely miss the orc knight.
Nessos shoots an arrow.
The arrow hits you!
You die...

Skill      XL: |  1  2  3  4  5  6  7  8  9 10 11 12 13 14 15 |
---------------+----------------------------------------------+-----
Maces & Flails | 2 3 4 5 6 9 10 11 13 | 13.1
Spellcasting   | 2 3 4 5 6 |  6.0
Translocations | 4 5 6 7 8 9 10 | 10.0
Fighting       | 3 5 7 8 10 | 10.0
Stealth        | 3 5 |  5.0
Invocations    | 2 3 4 5 7 8 |  8.1
Evocations     | 2 5 |  5.0
Armour         | 3 4 6 |  6.0
Throwing       | 1 2 3 5 |  5.0
Air Magic      | 2 3 4 5 |  5.0
Axes           | 7 |  7.3
Dodging        | 4 |  4.9
Ranged Weapons | 1 |  1.5

Action                   |  1- 3 |  4- 6 |  7- 9 | 10-12 | 13-15 || total
-------------------------+-------+-------+-------+-------+-------++-------
Melee: Mace              |    44 |       |       |       |       ||    44
       Tailslap          |     4 |    19 |    56 |   149 |   119 ||   347
       Flail             |    32 |   201 |   461 |   691 |       ||  1385
       Punch             |       |     1 |     8 |     8 |     1 ||    18
       Great mace        |       |       |       |   251 |       ||   251
       Dire flail        |       |       |       |     3 |   706 ||   709
       Broad axe         |       |       |       |       |    56 ||    56
 Fire: Hand crossbow     |       |       |       |       |     6 ||     6
Throw: Boomerang         |       |       |       |   169 |       ||   169
       Dart              |       |       |       |    22 |     9 ||    31
       Stone             |       |       |       |     9 |       ||     9
       Javelin           |       |       |       |     6 |     4 ||    10
 Cast: Vhi's Electric Ch |       |       |       |     9 |     7 ||    16
       Teleport Other    |       |       |       |     1 |       ||     1
Invok: Heroism           |       |       |     3 |     5 |     7 ||    15
       Duel              |       |       |       |     1 |     1 ||     2
       Finesse           |       |       |       |       |     3 ||     3
Evoke: Wand              |       |       |       |    35 |    12 ||    47
  Use: Potion            |       |     4 |     3 |     2 |     9 ||    18
       Scroll            |       |    10 |     9 |    12 |     1 ||    32
 Stab: Sleeping          |       |       |       |     7 |     7 ||    14
       Distracted        |       |       |       |     1 |     2 ||     3
Armor: Leather armour    |    32 |   115 |   302 |   131 |       ||   580
       Steam dragon scal |       |       |       |   156 |       ||   156
       Troll leather arm |       |       |       |   272 |   417 ||   689
Dodge: Dodged            |    42 |   117 |   212 |   439 |   351 ||  1161

Levels and vault maps discovered:
D:1:      matt_arrival_los_fun, layout_basic
D:2:      layout_loops_corners, serial_shops, nicolae_shop_hallway_stairs
D:3:      gammafunk_steamed_eel, layout_loops_ring, serial_shops,
          nicolae_shop_trees, st_stairs_6
D:4:      layout_loops_ring, kennysheep_little_box,
          cheibrodos_sewer_entry_sluice, st_stairs_14, hangedman_decor_riveting
D:5:      layout_basic, temple_statues, ebering_ghost_sewer_d
D:6:      cheibrodos_helix_gallery, layout_basic, uniq_grinder, uniq_pikel
D:7:      minmay_spotlight, layout_basic, nzn_random_ring
D:8:      statuecave_lemuel, layout_loops_ring,
          nicolae_hepliaklqana_monster_ancestors, grunt_gozag_statues,
          erik_lair_island, chequers_serial_rivers_marsh,
          nicolae_shop_firing_range, uniq_maurice
D:9:      layout_loops_ring, grunt_temple_overflow_open, david_orc_1_choice
D:10:     layout_long_grid, serial_ice, serial_ice_o, serial_ice_n,
          serial_ice_i, serial_ice_h, serial_ice_a, serial_ice_b, serial_ice_d,
          kennysheep_generic_room_12
D:11:     layout_cave_pods, serial_shops, nicolae_shop_trees
D:12:     layout_loops_cross, portal_ice_cave_entry_ice_simulacra,
          water_boxes_lemuel
D:13:     layout_basic, serial_glass, glass_columns_b, glass_columns_a,
          minmay_protected_statue
D:14:     wad_woods_tower, layout_layer_cave, grunt_vaults_entry_fortified,
          serial_shops, nicolae_shop_stone, nicolae_qazlal_scattered_showers,
          uniq_kirke
Temple:   eino_wide_crystal_templ
Lair:1:   layout_loops_ring, st_stairs_3, dreamdust_deal_with_the_devil,
          serial_bayou_shore_b, lemuel_fruit_fields
Lair:2:   layout_gridlike, beast_lair_carwin_5
Lair:3:   layout_long_grid, swamp_mist, spider_nest_entry_webs,
          nicolae_volcano_entry_hallway
Lair:4:   layout_cellular_growth, slime_entry_1, grunt_forest_stairs_basic,
          grunt_megastairs_5
Lair:5:   grunt_lair_end_beastmaster, layout_small_grid
Orc:1:    layout_caves, gammafunk_ghost_stat_death, serial_shops, shop, shop,
          shop, shop_coins
Orc:2:    grunt_orc_gardens, layout_diamond_mine, grunt_orc_garden,
          grunt_orc_garden, grunt_orc_garden, grunt_orc_garden, serial_shops,
          shop_statue, basic_altar, uniq_nessos, uniq_erolcha

Notes
Turn   | Place    | Note
-------+----------+-------------------------------------------
     0 | D:1      | Sobieck the Armataur Warper began the quest for the Orb.
     0 | D:1      | Reached XP level 1. HP: 18/18 MP: 3/3
    90 | D:1      | Reached skill level 2 in Maces & Flails
   574 | D:1      | Reached XP level 2. HP: 25/25 MP: 4/4
  1090 | D:2      | Found Buqo Vam's Jewellery Emporium.
  1177 | D:2      | Reached skill level 3 in Maces & Flails
  1204 | D:1      | HP: 6/25 [gnoll/+0 whip (5)]
  1208 | D:1      | Reached XP level 3. HP: 9/31 MP: 5/5
  1612 | D:2      | Reached skill level 4 in Maces & Flails
  1612 | D:2      | Reached XP level 4. HP: 38/38 MP: 6/6
  1727 | D:2      | You pick up a book of Lightning and begin reading...
  1727 | D:2      | You add the spells Static Discharge, Lightning Bolt and
                  | Arcjolt to your library.
  2117 | D:3      | Found a transporter.
  2266 | D:3      | Found a transporter.
  2518 | D:3      | Reached XP level 5. HP: 40/43 MP: 7/7
  2702 | D:3      | Found Motudwol's Antique Armour Boutique.
  2939 | D:4      | Noticed an ogre
  2946 | D:4      | Killed an ogre
  2947 | D:4      | Reached skill level 5 in Maces & Flails
  2947 | D:4      | Reached skill level 2 in Spellcasting
  2948 | D:4      | HP: 10/43 [scorpion (2)]
  2949 | D:4      | HP: 1/43 [scorpion (6)]
  2952 | D:4      | Reached XP level 6. HP: 24/51 MP: 7/9
  3315 | D:4      | Found a glowing drain.
  3350 | Sewer    | Entered a sewer
  3391 | Sewer    | Reached skill level 4 in Translocations
  3495 | Sewer    | Reached skill level 3 in Spellcasting
  3584 | Sewer    | Reached XP level 7. HP: 56/56 MP: 11/11
  3599 | Sewer    | Learned a level 3 spell: Teleport Other
  3602 | Sewer    | Learned a level 2 spell: Blink
  3846 | D:4      | Reached skill level 6 in Maces & Flails
  4110 | D:4      | Found a broken altar of Ashenzari.
  4256 | D:5      | Entered Level 5 of the Dungeon
  4288 | D:5      | Reached skill level 5 in Translocations
  4808 | D:5      | Found a runed translucent door.
  4815 | D:5      | Noticed liarliar's ghost (novice OpCj)
  5125 | D:5      | Reached XP level 8. HP: 64/64 MP: 12/12
  5184 | D:5      | Found a staircase to the Ecumenical Temple.
  5193 | Temple   | Entered the Ecumenical Temple
  5215 | Temple   | Became a worshipper of Warmaster Okawaru
  5410 | D:6      | Reached skill level 7 in Maces & Flails
  5410 | D:6      | Reached skill level 6 in Translocations
  5580 | D:6      | Noticed Pikel
  5595 | D:6      | Reached skill level 8 in Maces & Flails
  5620 | D:6      | Killed Pikel
  5620 | D:6      | Reached * piety under Okawaru
  5620 | D:6      | Reached ** piety under Okawaru
  5621 | D:6      | Reached skill level 9 in Maces & Flails
  5765 | D:6      | Reached XP level 9. HP: 53/71 MP: 13/13
  5830 | D:6      | Noticed Grinder
  5847 | D:6      | Paralysed by Grinder for 3 turns
  5850 | D:6      | Killed Grinder
  5851 | D:6      | Reached skill level 10 in Maces & Flails
  5890 | D:6      | Reached skill level 2 in Fighting
  5906 | D:6      | Learned a level 3 spell: Vhi's Electric Charge
  6289 | D:7      | Reached skill level 1 in Stealth
  6289 | D:7      | Reached skill level 1 in Invocations
  6289 | D:7      | Reached skill level 1 in Evocations
  6397 | D:7      | Reached skill level 2 in Armour
  6407 | D:7      | Reached *** piety under Okawaru
  6523 | D:7      | Reached skill level 2 in Stealth
  6593 | D:7      | Reached skill level 3 in Armour
  6593 | D:7      | Reached skill level 2 in Invocations
  6593 | D:7      | Reached skill level 2 in Evocations
  6689 | D:7      | Noticed a boulder beetle
  6744 | D:7      | Killed a boulder beetle
  6744 | D:7      | Reached **** piety under Okawaru
  6745 | D:7      | Reached skill level 3 in Fighting
  6745 | D:7      | Reached skill level 3 in Stealth
  6745 | D:7      | Reached XP level 10. HP: 47/82 MP: 15/15
  7556 | D:8      | Noticed Maurice
  7565 | D:8      | Reached skill level 4 in Spellcasting
  7622 | D:7      | Reached skill level 3 in Invocations
  7640 | D:8      | Paralysed by Maurice for 4 turns
  7654 | D:7      | Reached skill level 3 in Evocations
  7675 | D:8      | Reached skill level 4 in Armour
  7685 | D:8      | Killed Maurice
  7686 | D:8      | Reached skill level 4 in Stealth
  7686 | D:8      | Reached skill level 7 in Translocations
  7832 | D:8      | Found a staircase to the Lair.
  7869 | D:8      | Reached skill level 4 in Fighting
  7905 | D:8      | Reached skill level 4 in Evocations
  8035 | D:8      | Reached skill level 1 in Throwing
  8043 | D:8      | Reached skill level 5 in Stealth
  8168 | D:8      | Found an opulent altar of Gozag.
  8186 | D:8      | Found Qaipp's Firing Range.
  8399 | D:8      | Found a hazy altar of Hepliaklqana.
  8589 | D:8      | You pick up a book of Power and begin reading...
  8589 | D:8      | You add the spells Iskenderun's Battlesphere and Iron Shot
                  | to your library.
  8900 | D:9      | Reached skill level 11 in Maces & Flails
  8909 | D:9      | Reached ***** piety under Okawaru
  8910 | D:9      | Reached skill level 5 in Fighting
  8910 | D:9      | Reached skill level 5 in Evocations
  8910 | D:9      | Reached XP level 11. HP: 92/92 MP: 17/17
  9082 | D:9      | Found a bloodstained altar of Trog.
  9094 | D:9      | Found a sacrificial altar of Ru.
  9094 | D:9      | Found an ancient bone altar of Kikubaaqudgha.
  9094 | D:9      | Found a stormy altar of Qazlal.
  9127 | D:9      | Reached skill level 6 in Fighting
  9421 | D:9      | Received a gift from Okawaru
  9436 | D:9      | Found a staircase to the Orcish Mines.
  9467 | D:9      | Reached skill level 7 in Fighting
  9651 | D:9      | Noticed a two-headed ogre
  9661 | D:9      | Killed a two-headed ogre
  9992 | D:10     | Entered Level 10 of the Dungeon
 10050 | D:10     | Reached skill level 1 in Air Magic
 10345 | D:10     | Reached skill level 2 in Throwing
 10538 | D:10     | Noticed a death yak
 10570 | D:10     | Killed a death yak
 10571 | D:10     | Reached skill level 2 in Air Magic
 10600 | D:10     | Reached skill level 4 in Invocations
 10925 | D:11     | Noticed a boulder beetle
 10947 | D:11     | Killed a boulder beetle
 11004 | D:11     | Noticed a boulder beetle
 11064 | D:11     | Killed a boulder beetle
 11064 | D:11     | Reached ****** piety under Okawaru
 11065 | D:11     | Reached XP level 12. HP: 93/107 MP: 19/19
 11187 | D:11     | Received a gift from Okawaru
 11188 | D:11     | Reached skill level 3 in Throwing
 11297 | D:11     | Noticed a boulder beetle
 11357 | D:11     | Killed a boulder beetle
 11379 | D:11     | Found Estoe's General Store.
 11400 | D:11     | Bought a +0 broad axe for 40 gold pieces
 11400 | D:11     | Bought a scroll of enchant weapon for 75 gold pieces
 11400 | D:11     | Bought a scroll of brand weapon for 95 gold pieces
 11476 | D:11     | Noticed a boulder beetle
 11489 | D:11     | Killed a boulder beetle
 11490 | D:11     | Reached skill level 5 in Spellcasting
 11490 | D:11     | Reached skill level 8 in Translocations
 11490 | D:11     | Reached skill level 3 in Air Magic
 11528 | D:11     | Noticed a boulder beetle
 11547 | D:11     | Killed a boulder beetle
 12004 | D:12     | Reached skill level 1 in Axes
 12149 | D:12     | Found a frozen archway.
 12296 | D:12     | Reached skill level 5 in Invocations
 12331 | D:12     | Reached skill level 2 in Axes
 12621 | D:12     | Reached skill level 3 in Axes
 13019 | Arena    | Entered the Arena
 13107 | D:13     | Reached skill level 4 in Axes
 13137 | D:13     | HP: 24/108 [vampire mosquito (10)]
 13158 | D:13     | Reached skill level 5 in Axes
 13289 | D:13     | Received a gift from Okawaru
 13320 | D:13     | Noticed a boulder beetle
 13322 | D:13     | Killed a boulder beetle
 13323 | D:13     | Reached skill level 6 in Axes
 13771 | D:13     | Noticed a centaur warrior
 13776 | D:13     | Killed a centaur warrior
 13776 | D:13     | Identified the +7 dire flail of Bodily Harmony {vorpal, rN+
                  | rCorr SInv} (Okawaru gifted it to you on level 13 of the
                  | Dungeon)
 13776 | D:13     | Received a gift from Okawaru
 14349 | D:14     | Reached skill level 7 in Axes
 14410 | D:14     | Reached XP level 13. HP: 114/114 MP: 16/20
 14415 | Arena    | Entered the Arena
 14547 | Lair:1   | Entered Level 1 of the Lair of Beasts
 15545 | Lair:2   | Reached skill level 12 in Maces & Flails
 15761 | Lair:2   | Identified the +1 pair of gloves of Luren {Str+4 Slay+4}
                  | (Okawaru gifted it to you on level 2 of the Lair of Beasts)
 15761 | Lair:2   | Received a gift from Okawaru
 15981 | Lair:2   | Reached skill level 13 in Maces & Flails
 16528 | Lair:3   | Reached skill level 8 in Fighting
 16590 | Lair:3   | Reached skill level 4 in Throwing
 16621 | Lair:3   | Reached skill level 4 in Air Magic
 16670 | Lair:3   | You add the spells Wereblood, Stone Arrow and Petrify to
                  | your library.
 16670 | Lair:3   | Got the Anthology of Mutable Clay
 16805 | Lair:3   | Found a staircase to the Swamp.
 16853 | Lair:3   | Found a dark tunnel.
 17038 | Lair:3   | Found a hole to the Spider Nest.
 17524 | Lair:4   | Reached skill level 6 in Spellcasting
 17552 | Lair:4   | Received a gift from Okawaru
 17561 | Lair:4   | Reached skill level 5 in Throwing
 17569 | Lair:4   | Reached skill level 9 in Translocations
 17581 | Lair:4   | Identified the +0 plate armour of the Echidna {rPois Will+}
                  | (Okawaru gifted it to you on level 4 of the Lair of Beasts)
 17581 | Lair:4   | Received a gift from Okawaru
 17582 | Lair:4   | Reached XP level 14. HP: 92/124 MP: 23/23
 17630 | Lair:4   | Reached skill level 5 in Air Magic
 17727 | Lair:4   | You pick up a book of Geomancy and begin reading...
 17727 | Lair:4   | You add the spells Sandblast and Passwall to your library.
 17939 | Lair:4   | Found a staircase to the Slime Pits.
 18022 | Lair:4   | Reached skill level 9 in Fighting
 18048 | Lair:4   | You add the spells Ozocubu's Armour and Ozocubu's
                  | Refrigeration to your library.
 18342 | Lair:5   | Entered Level 5 of the Lair of Beasts
 18592 | Lair:5   | Reached skill level 10 in Translocations
 18649 | Lair:5   | Reached skill level 10 in Fighting
 18694 | Lair:5   | Reached skill level 2 in Dodging
 18740 | Lair:5   | Reached skill level 5 in Armour
 18867 | Lair:5   | Reached skill level 6 in Invocations
 18904 | Lair:5   | Identified the +7 battleaxe "Jaogian" {venom, *Rage Str+2
                  | Int+7}
 19026 | Lair:5   | Reached skill level 3 in Dodging
 19070 | Lair:5   | Reached skill level 6 in Armour
 19078 | Lair:5   | Identified the +6 dire flail "Kidisitui" {venom, Int+4}
                  | (Okawaru gifted it to you on level 5 of the Lair of Beasts)
 19078 | Lair:5   | Received a gift from Okawaru
 19145 | Lair:5   | Reached skill level 7 in Invocations
 19308 | Lair:5   | Reached skill level 4 in Dodging
 19604 | Lair:5   | Identified the +8 plate armour "Omaum" {+Inv Str+2 Int-3
                  | Dex+6}
 19615 | Lair:5   | You pick up a book of the Senses and begin reading...
 19615 | Lair:5   | You add the spells Dazzling Flash, Agony and Silence to
                  | your library.
 19829 | Orc:1    | Entered Level 1 of the Orcish Mines
 19942 | Orc:1    | HP: 31/129 [orc knight/+0 battleaxe (18)]
 20008 | Orc:1    | Found a transporter.
 20140 | D:8      | Bought the +10 hand crossbow of the Exiled Hosts {freeze,
                  | rPois rN++ Str+3} for 1095 gold pieces
 20287 | Orc:1    | You fall into a shaft and drop 1 floor!
 20287 | Orc:2    | Entered Level 2 of the Orcish Mines
 20325 | Orc:2    | Reached XP level 15. HP: 115/134 MP: 18/24
 20327 | Orc:2    | Reached skill level 1 in Ranged Weapons
 20346 | Orc:2    | HP: 45/201 [orc warrior/+0 halberd (13)]
 20350 | Orc:2    | Reached skill level 8 in Invocations
 20356 | Orc:2    | HP: 45/201 [orc warrior/+0 trident (3)]
 20361 | Orc:2    | Noticed Nessos
 20362 | Orc:2    | HP: 21/201 [Nessos/arrow (15)]
 20366 | Orc:2    | HP: 4/201 [Nessos/arrow (17)]
 20367 | Orc:2    | Shot with an arrow by Nessos

Vanquished Creatures
  7 hydras
  8 boulder beetles
  A centaur warrior (D:13)
  A catoblepas (Lair:5)
  A deep troll shaman (Lair:5)
  18 death yaks
  2 orc high priests
  A two-headed ogre (D:9)
  Pikel (D:6)
  A lindwurm (Lair:5)
  4 orc knights
  An ugly thing (D:13)
  3 orc sorcerers
  2 manticores
  3 deep elf pyromancers
  3 cyclopes
  10 elephants
  6 black mambas
  Maurice (D:8)
  A gargoyle (D:13)
  7 cane toads
  8 komodo dragons
  An unseen horror (D:12)
  7 rime drakes
  A yaktaur (Arena)
  5 polar bears
  A hornet (D:9)
  4 slime creatures (D:12)
  Grinder (D:6)
  8 trolls
  18 blink frogs
  11 dream sheep
  3 shadows
  2 centaur simulacra
  A water elemental (D:12)
  33 yaks
  2 wraiths
  2 redbacks (Lair:3)
  14 vampire mosquitoes
  An unseen horror simulacrum (D:10)
  5 basilisks
  A steam dragon (D:8)
  3 wargs
  A death yak simulacrum (D:12)
  12 water moccasins
  5 ice beasts
  30 orc warriors
  5 black bears
  32 wolves
  2 sky beasts
  6 ogres
  8 centaurs
  4 lemures (D:6)
  2 phantoms
  5 kobold brigands
  15 bullfrogs
  A gnoll sergeant (D:9)
  A cane toad simulacrum (D:12)
  6 scorpions
  9 wights
  19 killer bees
  10 electric eels
  7 howler monkeys
  5 jellies
  6 hounds
  10 orc priests
  A gnoll bouda (D:6)
  3 iguanas
  22 orc wizards
  4 spriggan simulacra (D:12)
  A wolf simulacrum (D:12)
  14 adders
  16 gnolls
  A naga simulacrum (D:12)
  3 shadow imps
  A white imp (D:5)
  A howler monkey simulacrum (D:10)
  3 ufetubi (D:10)
  2 worms
  2 dart slugs
  68 orcs
  11 ball pythons
  7 bats
  15 endoplasms
  10 giant cockroaches
  5 hobgoblins
  2 jackals (D:1)
  9 quokkas (Sewer)
  3 training dummies (D:8)
  8 frilled lizards
  6 goblins
  25 kobolds
  5 rats
  A spectral hobgoblin (D:8)
664 creatures vanquished.

Vanquished Creatures (others)
  2 orc wizards
  25 fungi
  18 plants
45 creatures vanquished.

Grand Total: 709 creatures vanquished

Table legend:
 A = Non-vault XP
 B = Vault XP
 C = Vault XP percentage of total XP
 D = Non-vault monster count
 E = Vault monster count
 F = Vault count percentage of total count
                 A         B        C        D         E       F
            +---------+---------+-------+---------+---------+-------
      Total |   81944 |   25371 |  23.6 |     493 |     169 |  25.5
            +---------+---------+-------+---------+---------+-------
        D:1 |      49 |       0 |   0.0 |      13 |       0 |   0.0
        D:2 |     102 |       0 |   0.0 |      19 |       0 |   0.0
        D:3 |      59 |       3 |   4.8 |      21 |       2 |   8.7
        D:4 |     396 |      14 |   3.4 |      18 |       6 |  25.0
        D:5 |     548 |       0 |   0.0 |      18 |       0 |   0.0
        D:6 |     997 |    1084 |  52.1 |      31 |       4 |  11.4
        D:7 |    1048 |    2403 |  69.6 |      20 |      19 |  48.7
        D:8 |    2264 |    1256 |  35.7 |      43 |      14 |  24.6
        D:9 |    4021 |     629 |  13.5 |      26 |       9 |  25.7
       D:10 |    1605 |    2854 |  64.0 |      23 |      17 |  42.5
       D:11 |    6003 |       0 |   0.0 |      16 |       0 |   0.0
       D:12 |    4293 |     404 |   8.6 |      21 |       8 |  27.6
       D:13 |    6512 |       0 |   0.0 |      17 |       0 |   0.0
       D:14 |     732 |       0 |   0.0 |       2 |       0 |   0.0
     Lair:1 |    2273 |     871 |  27.7 |       9 |       2 |  18.2
     Lair:2 |    7542 |    1259 |  14.3 |      37 |       6 |  14.0
     Lair:3 |   11010 |     370 |   3.3 |      35 |       2 |   5.4
     Lair:4 |    7784 |      88 |   1.1 |      26 |       1 |   3.7
     Lair:5 |   17864 |    8987 |  33.5 |      38 |      17 |  30.9
      Orc:1 |    4730 |       0 |   0.0 |      33 |       0 |   0.0
      Orc:2 |    1589 |    4517 |  74.0 |      26 |      18 |  40.9
      Sewer |       0 |     294 | 100.0 |       0 |      43 | 100.0
      Arena |     523 |     338 |  39.3 |       1 |       1 |  50.0
            +---------+---------+-------+---------+---------+-------

Illustrated notes

Table legend:
 A = Kills in this place as a percentage of kills in entire the game.
 B = Kills by you in this place as a percentage of kills by you in the entire game.
 C = Kills by friends in this place as a percentage of kills by friends in the entire game.
 D = Other kills in this place as a percentage of other kills in the entire game.
 E = Experience gained in this place as a percentage of experience gained in the entire game.
 F = Experience gained in this place divided by the number of levels of this place that you have seen.
                   A       B       C       D       E      F
               +-------+-------+-------+-------+-------+----------------------
         Total | 100.0 | 100.0 |   N/A | 100.0 | 100.0 | 4292.6
       Dungeon |  55.4 |  55.5 |   N/A |  50.0 |  34.7 | 2662.6
          Lair |  26.1 |  26.2 |   N/A |   0.0 |  54.1 | 11609.6
  Orcish Mines |  11.6 |  11.5 |   N/A |  50.0 |  10.1 | 5418.0
         Sewer |   6.5 |   6.5 |   N/A |   0.0 |   0.3 | 294.0
         Arena |   0.3 |   0.3 |   N/A |   0.0 |   0.8 | 430.5
               +-------+-------+-------+-------+-------+----------------------

Table legend: (Time is in decaauts)
 A = Elapsed time spent in this place.
 B = Non-inter-level travel time spent in this place.
 C = Inter-level travel time spent in this place.
 D = Time resting spent in this place.
 E = Time spent auto-exploring this place.
 F = Levels seen in this place.
 G = Mean time per level.
                   A        B        C        D        E       F      G
               +--------+--------+--------+--------+--------+-----+--------+
         Total |  20132 |  19125 |   1007 |    823 |  13200 |  25 |  805.3 |
       Dungeon |  14273 |  13578 |    695 |    674 |   9352 |  14 | 1019.5 |
        Temple |     37 |     22 |     15 |      0 |      9 |   1 |   37.0 |
          Lair |   4990 |   4712 |    278 |    121 |   3494 |   5 |  998.0 |
  Orcish Mines |    383 |    365 |     18 |      0 |    198 |   2 |  191.5 |
         Sewer |    409 |    409 |      0 |      0 |    146 |   1 |  409.0 |
         Arena |     37 |     37 |      0 |     28 |      0 |   2 |   18.5 |
               +--------+--------+--------+--------+--------+-----+--------+

Top non-repeatable levels by time:
    D:13: 1381 daAuts
     D:7: 1363 daAuts
     D:8: 1322 daAuts
     D:9: 1207 daAuts
  Lair:5: 1197 daAuts
     D:5: 1101 daAuts
     D:1: 1073 daAuts
     D:2: 1067 daAuts
    D:11: 1059 daAuts
  Lair:2: 1039 daAuts
    D:12: 1029 daAuts
  Lair:1: 949 daAuts
    D:10: 934 daAuts
  Lair:4: 932 daAuts
     D:4: 906 daAuts
